 Dungeon Sprint DCSS version 0.28-a0-1387-g3a22ab9bdc (webtiles) character file.

Game seed: 10457737682702633897

6158 mhtbhm the Bludgeoner (level 10, -10/157 HPs)
             Began as a Purple Draconian Berserker on Jan 2, 2022.
             Was the Champion of Trog.
             Mangled by a deep elf blademaster (16 damage)
             ... in the Dungeon (Sprint III: "The Ten Rune Challenge").
             The game lasted 00:05:31 (3109 turns).

mhtbhm the Bludgeoner (Purple Draconian Berserker)  Turns: 3109, Time: 00:05:32

Health: -10/157    AC:  7    Str: 23    XL:     10   Next: 60%
Magic:  10/10      EV: 16    Int:  9    God:    Trog [******]
Gold:   3150       SH:  0    Dex: 10    Spells: 9/9 levels left

rFire   + . .      SeeInvis +   a - +4 dire flail (vorpal)
rCold   . . .      Faith    .   (shield currently unavailable)
rNeg    . . .      Spirit   .   (armour unavailable)
rPois   .          Reflect  .   (helmet restricted)
rElec   .          Harm     .   (no cloak)
rCorr   .          Rampage  .   (no gloves)
Will    +....      NoTele   +   (no boots)
Stlth   ..........              (no amulet)
HPRegen 0.36/turn               (no ring)
MPRegen 0.12/turn               (no ring)

@: berserking (expiring), flying, very quick
A: breathe power, AC +7, unfitting armour, cold-blooded, see invisible, fire
resistance 1, subdued magic 1
a: Breathe Dispelling Energy, Renounce Religion, Berserk, Trog's Hand, Brothers
in Arms


You were in the Dungeon.
You worshipped Trog.
Trog was exalted by your worship.
You visited 1 branch You collected 3150 gold pieces.

Inventory:

Hand Weapons
 a - a +4 vorpal dire flail (weapon)
 p - a +4 antimagic great mace
Missiles
 h - 17 poisoned darts (quivered)
Wands
 n - a wand of charming (7)
Scrolls
 i - a scroll of torment {unknown}
 j - 3 scrolls of identify
 l - a scroll of holy word {unknown}
Potions
 b - 2 potions of curing
 c - a potion of heal wounds
 d - a potion of haste
 e - 2 potions of magic
 f - 2 potions of berserk rage
 k - 3 potions of flight
 m - 3 potions of mutation
Miscellaneous
 o - a phantom mirror (inert)


   Skills:
 + Level 15.2 Fighting
 + Level 15.7 Maces & Flails
 + Level 8.1 Throwing
 + Level 11.8 Dodging
 - Level 0.4 Stealth
 + Level 1.0 Evocations


You had 9 spell levels left.
You didn't know any spells.
Your spell library was empty.

Dungeon Overview and Level Annotations

Branches:
Dungeon (1/1)

Altars:
Cheibriados
Dithmenos
Elyvilon
Fedhas
Gozag
Hepliaklqana
Kikubaaqudgha
Makhleb
Nemelex Xobeh
Okawaru
Qazlal
Ru
Sif Muna
Trog
Uskayaw
Vehumet
Wu Jian
Xom
Yredelemnul
Zin
The Shining One
Beogh
Jiyva
Lugonu

Shops:
D ?


Innate Abilities, Weirdness & Mutations

You can breathe bolts of dispelling energy.
Your rich purple scales are hard. (AC +7)
You cannot fit into any form of body armour.
You are cold-blooded and may be slowed by cold attacks.
You have supernaturally acute eyesight. (SInv)
Your flesh is heat resistant. (rF+)
Your spells are a little easier to cast, but a little less powerful.


Message History

The deep elf death mage barely misses you.
Unknown command.
You completely miss the deep elf blademaster.
The deep elf blademaster is lightly wounded.
You miss the deep elf blademaster.
The deep elf blademaster is lightly wounded.
The deep elf blademaster hits you but does no damage.
The deep elf blademaster hits you!
* * * LOW HITPOINT WARNING * * *
Unknown command.
Unknown command.
You puncture the deep elf blademaster!
The deep elf blademaster is heavily wounded.
The deep elf death mage barely misses you.
You barely miss the deep elf blademaster.
The deep elf blademaster is heavily wounded.
The deep elf blademaster completely misses you.
The deep elf blademaster misses you.
The deep elf demonologist gestures wildly while chanting.
Unknown command.
Unknown command.
Unknown command.
Unknown command.
You hammer the deep elf blademaster like a gong!!!
The deep elf blademaster is almost dead.
The deep elf demonologist mumbles some strange words.
The deep elf blademaster hits you but does no damage.
The deep elf blademaster hits you.
* * * LOW HITPOINT WARNING * * *
The deep elf death mage hits you with a +1 hand axe of holy wrath.
* * * LOW HITPOINT WARNING * * *
Unknown command.
You completely miss the deep elf blademaster.
The deep elf blademaster is almost dead.
You miss the deep elf blademaster.
The deep elf blademaster is almost dead.
The deep elf blademaster hits you.
* * * LOW HITPOINT WARNING * * *
The deep elf blademaster hits you!
You die...

▓▓▓▓▓
#.#.################ ##
#.∩#..'.#...##....' ...
.....##.#...##≈***##e.
....###.#)..≈≈≈..KeB
.....##.#)..##≈≈1≈##2.##
..##.##)))..##ee@eeebr.=
##.#####################
##################
§'.#.')..')#.#.#.+
≈#.#.#)..##.#.#.##
.#.#.#...#.#.#.#.#
.#...#...##.#.#.##
▓▓▓▓▓▓▓▓▓#.#.#.#.#
...≈≈≈...##.#.#.##


You could see a deep elf blademaster, a Brimstone Fiend (summoned), a deep elf
annihilator, 2 deep elf death magi, a shadow demon (summoned), 3 deep elf
demonologists, 3 lost souls, a giant cockroach (summoned), a bat (summoned), a
kobold (summoned) and a rat (summoned).

Vanquished Creatures
  Josephine (D)
  A centaur warrior (D)
  An orc high priest (D)
  A deep elf knight (D)
  3 deep elf pyromancers (D)
  2 deep elf zephyrmancers (D)
  An orc sorcerer (D)
  An unseen horror (D)
  A shadow (D)
  A spatial vortex (D)
  A necrophage (D)
  2 centaurs (D)
  An earth elemental (D)
  A water elemental (D)
  3 wandering mushrooms (D)
  An orc priest (D)
  A jelly (D)
  A wizard (D)
  A necromancer (D)
  5 orc wizards (D)
  3 humans (D)
  A kobold demonologist (D)
  A wolf (D)
  8 orcs (D)
  4 rats (D)
47 creatures vanquished.

Vanquished Creatures (collateral kills)
  An orc warrior (D)
1 creature vanquished.

Vanquished Creatures (others)
  An orc (D)
  A plant (D)
2 creatures vanquished.

Grand Total: 50 creatures vanquished

Notes
Turn   | Place    | Note
-------+----------+-------------------------------------------
     0 | D        | mhtbhm the Draconian Berserker began the quest for the Orb.
     0 | D        | Reached XP level 1. HP: 19/19 MP: 1/1
   113 | D        | Reached ** piety under Trog
   179 | D        | Reached XP level 2. HP: 6/28 MP: 2/2
   437 | D        | Reached skill level 5 in Fighting
   437 | D        | Reached skill level 1 in Throwing
   437 | D        | Reached XP level 3. HP: 18/36 MP: 3/3
   495 | D        | Gained mutation: Your spells are a little easier to cast,
                  | but a little less powerful. [potion of mutation]
   495 | D        | Gained mutation: Potions are less effective at restoring
                  | your health. [potion of mutation]
   495 | D        | Gained mutation: Your tail ends in a venomous barb. [potion
                  | of mutation]
   582 | D        | Lost mutation: Your tail ends in a venomous barb. [potion
                  | of mutation]
   582 | D        | Lost mutation: Potions are less effective at restoring your
                  | health. [potion of mutation]
   582 | D        | Gained mutation: You have supernaturally acute eyesight.
                  | (SInv) [potion of mutation]
   582 | D        | Gained mutation: Your flesh is heat resistant. (rF+)
                  | [potion of mutation]
   585 | D        | Noticed a water elemental
   592 | D        | HP: 1/54 [water elemental (19)]
   594 | D        | Killed a water elemental
   595 | D        | Reached skill level 5 in Maces & Flails
   595 | D        | Reached XP level 4. HP: 2/44 MP: 4/4
   898 | D        | Found a basalt altar of Yredelemnul.
   898 | D        | Found a shadowy altar of Dithmenos.
   898 | D        | Found a sacrificial altar of Ru.
   898 | D        | Noticed a necrophage
   905 | D        | Killed a necrophage
   905 | D        | Reached *** piety under Trog
   906 | D        | Reached skill level 5 in Dodging
   906 | D        | Reached XP level 5. HP: 46/52 MP: 5/5
   950 | D        | Found a radiant altar of Vehumet.
   950 | D        | Found a shimmering blue altar of Sif Muna.
   950 | D        | Found an ancient bone altar of Kikubaaqudgha.
   954 | D        | Reached **** piety under Trog
   995 | D        | Found a glowing silver altar of Zin.
   995 | D        | Found a glowing golden altar of the Shining One.
   995 | D        | Found a white marble altar of Elyvilon.
   996 | D        | Noticed a deep elf pyromancer
  1004 | D        | Killed a deep elf pyromancer
  1005 | D        | Reached skill level 10 in Fighting
  1005 | D        | Reached skill level 10 in Maces & Flails
  1005 | D        | Reached XP level 6. HP: 43/66 MP: 6/6
  1005 | D        | Your scales start taking on a rich purple colour.
  1005 | D        | Reached XP level 7. HP: 47/72 MP: 7/7
  1178 | D        | Found a hide-covered altar of Uskayaw.
  1178 | D        | Found an iron altar of Okawaru.
  1178 | D        | Found a bloodstained altar of Trog.
  1178 | D        | Found an ornate altar of the Wu Jian Council.
  1178 | D        | Noticed a human
  1178 | D        | Noticed a human
  1193 | D        | Killed a human
  1197 | D        | Killed a human
  1236 | D        | Noticed a shadow
  1244 | D        | Killed a shadow
  1245 | D        | Reached XP level 8. HP: 82/82 MP: 8/8
  1246 | D        | Reached ***** piety under Trog
  1247 | D        | Reached skill level 5 in Throwing
  1255 | D        | Found a blossoming altar of Fedhas.
  1255 | D        | Found a stormy altar of Qazlal.
  1255 | D        | Found a snail-covered altar of Cheibriados.
  1255 | D        | Found a burning altar of Makhleb.
  1255 | D        | Found a shimmering altar of Xom.
  1256 | D        | Found a hazy altar of Hepliaklqana.
  1256 | D        | Found an opulent altar of Gozag.
  1256 | D        | Found a sparkling altar of Nemelex Xobeh.
  1256 | D        | Found a corrupted altar of Lugonu.
  1256 | D        | Found a viscous altar of Jiyva.
  1457 | D        | Noticed Josephine
  1473 | D        | Killed Josephine
  1762 | D        | Noticed a centaur warrior
  1766 | D        | Reached XP level 9. HP: 91/91 MP: 9/9
  1770 | D        | Killed a centaur warrior
  1774 | D        | Reached skill level 10 in Dodging
  1851 | D        | Noticed an unseen horror
  1892 | D        | Killed an unseen horror
  1892 | D        | Identified the +2 battleaxe "Fiuchist" {vorpal, Will++}
                  | (Trog gifted it to you in the Dungeon)
  1892 | D        | Received a gift from Trog
  2252 | D        | Noticed a wandering mushroom
  2258 | D        | Noticed a wandering mushroom
  2260 | D        | Noticed a wandering mushroom
  2593 | D        | Found Qilouv's Magic Scroll Emporium.
  2593 | D        | Noticed an orc high priest
  2593 | D        | Noticed an orc sorcerer
  2594 | D        | Noticed an ice devil
  2598 | D        | Noticed a rust devil
  2606 | D        | Reached ****** piety under Trog
  2607 | D        | Noticed an ice devil
  2609 | D        | Killed an orc sorcerer
  2609 | D        | Received a gift from Trog
  2618 | D        | Killed an orc high priest
  2619 | D        | Reached XP level 10. HP: 103/103 MP: 10/10
  2624 | D        | Received a gift from Trog
  2750 | D        | Noticed a deep elf zephyrmancer
  2750 | D        | Noticed a deep elf zephyrmancer
  2750 | D        | Noticed a deep elf knight
  2750 | D        | Noticed a deep elf pyromancer
  2750 | D        | Noticed a deep elf pyromancer
  2760 | D        | Killed a deep elf pyromancer
  2761 | D        | Reached skill level 15 in Maces & Flails
  2761 | D        | Killed a deep elf knight
  2761 | D        | Received a gift from Trog
  2763 | D        | Noticed a deep elf demonologist
  2764 | D        | Killed a deep elf zephyrmancer
  2766 | D        | Killed a deep elf zephyrmancer
  2767 | D        | Reached skill level 15 in Fighting
  2774 | D        | Killed a deep elf pyromancer
  2775 | D        | Reached skill level 1 in Evocations
  2939 | D        | Identified the ring "Votas" {rPois rN+}
  2939 | D        | Noticed a deep elf blademaster
  2940 | D        | Noticed a deep elf death mage
  2941 | D        | Identified the +6 battleaxe of Kismet {elec, Contam rElec
                  | rPois}
  2941 | D        | Noticed a deep elf annihilator
  2989 | D        | Identified the +12 rapier "Piaganuo" {vorpal, Will+ Dex+6
                  | SInv}
  2989 | D        | Noticed a deep elf demonologist
  2990 | D        | Noticed a shadow demon
  3094 | D        | Identified the +6 quarterstaff of the Muttering Bear
                  | {venom, rElec Str+4 Int+4 Dex+4}
  3094 | D        | Noticed a deep elf demonologist
  3094 | D        | Identified the ring "Lacalotoej" {rElec rPois rC+ rN++
                  | Int-3}
  3094 | D        | Noticed a deep elf death mage
  3096 | D        | Noticed a shadow demon
  3107 | D        | Noticed a Brimstone Fiend
  3109 | D        | HP: 6/157 [deep elf blademaster (2)]
  3109 | D        | Mangled by a deep elf blademaster

Illustrated notes

Levels and vault maps discovered:
D:        dungeon_sprint_mu [sprint_mu_entry_cave, sprint_mu_temple_rooms,
          sprint_mu_d1_horrors, sprint_mu_d2_genie, sprint_mu_d3_branching,
          sprint_mu_orc_legion, sprint_mu_elf_gauntlet, sprint_mu_hive_nellie,
          sprint_mu_lair_fedhas, sprint_mu_vaults_butterflies,
          sprint_mu_slime_circle, sprint_mu_shoals_kraken,
          sprint_mu_snake_twists, sprint_mu_blade_basic,
          sprint_mu_crypt_fortress, sprint_mu_tomb_spiral,
          sprint_mu_vestibule_basic, sprint_mu_gehenna_hellfire,
          sprint_mu_dis_giant, sprint_mu_tartarus_statrot,
          sprint_mu_cocytus_islands, sprint_mu_zot1]

Skill      XL: |  1  2  3  4  5  6  7  8  9 10 |
---------------+-------------------------------+-----
Dodging        | 3 4 5 7 8 9 10 11 | 11.8
Fighting       | 4 5 6 7 10 11 12 14 15 | 15.2
Maces & Flails | 4 5 7 10 11 13 14 15 | 15.7
Throwing       | 1 2 4 5 7 8 |  8.1
Evocations     | 1 |  1.0
Stealth        | |  0.4

Action                   |  1- 3 |  4- 6 |  7- 9 | 10-12 || total
-------------------------+-------+-------+-------+-------++-------
Melee: Mace              |    27 |    21 |   127 |    21 ||   196
       Tailslap          |     4 |     1 |    36 |     6 ||    47
       Great mace        |       |       |       |    16 ||    16
       Dire flail        |       |       |       |    14 ||    14
Throw: Dart              |     9 |     1 |    14 |       ||    24
Invok: Berserk           |     2 |     2 |     6 |     2 ||    12
Evoke: Phantom mirror    |       |       |     1 |     1 ||     2
  Use: Potion            |     2 |       |       |     1 ||     3
       Scroll            |       |       |       |     1 ||     1
 Stab: Sleeping          |     1 |       |       |       ||     1
Armor: Skin              |     4 |     3 |    26 |    10 ||    43
Dodge: Dodged            |    15 |     8 |    63 |    13 ||    99

Table legend: (Time is in decaauts)
 A = Elapsed time spent in this place.
 B = Non-inter-level travel time spent in this place.
 C = Inter-level travel time spent in this place.
 D = Time resting spent in this place.
 E = Time spent auto-exploring this place.
 F = Levels seen in this place.
 G = Mean time per level.
                   A        B        C        D        E       F      G
               +--------+--------+--------+--------+--------+-----+--------+
         Total |   3151 |   3151 |      0 |   2432 |     18 |   1 | 3151.0 |
       Dungeon |   3151 |   3151 |      0 |   2432 |     18 |   1 | 3151.0 |
               +--------+--------+--------+--------+--------+-----+--------+

Top non-repeatable levels by time:
       D: 3151 daAuts
